 Dungeon Sprint DCSS version 0.31-a0-358-gac0dbeb3ab (webtiles) character file.

Game seed: 12533505466359109595

558 EC1 the Protected (level 7, 0/72 HPs)
             Began as a Minotaur Fighter on July 26, 2023.
             Slain by a wyvern (11 damage)
             ... in the Dungeon (Sprint II: "The Violet Keep of Menkaure").
             The game lasted 00:01:04 (312 turns).

EC1 the Protected (Minotaur Fighter)                 Turns: 312, Time: 00:01:05

Health: 0/72       AC:  8    Str: 23    XL:     7   Next: 9%
Magic:  6/6        EV:  9    Int:  5    God:
Gold:   245        SH:  6    Dex:  9    Spells: 6/6 levels left

rFire   . . .        a - +0 flail
rCold   . . .        c - +0 buckler
rNeg    . . .        b - +0 scale mail
rPois   .            (helmet restricted)
rElec   .            (no cloak)
rCorr   .            (no gloves)
SInv    .            (no boots)
Will    .....        (no amulet) Stlth
                     (no ring)
HPRegen 0.32/turn    (no ring)
MPRegen 0.10/turn

%: no teleportation
@: no status effects
A: horns 2, retaliatory headbutt
a: no special abilities


You were in the Dungeon.
You visited 1 branch You collected 245 gold pieces.

Inventory:

Hand Weapons
 a - a +0 flail (weapon)
Armour
 b - a +0 scale mail (worn)
 c - a +0 buckler (worn)
Scrolls
 j - a scroll of blinking
Potions
 d - a potion of might
 e - a potion of curing
 f - a potion of heal wounds
 g - a potion of haste
 h - 2 potions of magic
 i - a potion of berserk rage


   Skills:
 + Level 10.0 Fighting
 + Level 8.4 Maces & Flails
 + Level 10.8 Armour
 + Level 0.1 Stealth
 + Level 9.6 Shields


You had 6 spell levels left.
You didn't know any spells.
Your spell library was empty.

Dungeon Overview and Level Annotations

Branches:
Dungeon (1/1)

Altars:

Shops:
D ?:=![==:(!!*:([

Annotations:
D exclusion: oklob plant, Roxanne


Innate Abilities, Weirdness & Mutations

You have a pair of horns on your head.
You reflexively headbutt those who attack you in melee.


Message History

Found 243 gold pieces.
You sock the wyvern! You headbutt the wyvern.
The wyvern is severely wounded.
There's a creature in the doorway!
The wyvern bites you! You block the wyvern's attack.
The wyvern barely misses you. The wyvern attacks as you move away!
The wyvern bites you! The wyvern attacks as you move away!
The wyvern barely misses you. The wyvern closely misses you. x2
You block the wyvern's attack.
The wyvern bites you but does no damage.
The wyvern closely misses you.
The wyvern hisses menacingly.
You block the wyvern's attack. The wyvern attacks as you move away!
The wyvern bites you! The wyvern barely misses you. You furiously retaliate!
You headbutt the wyvern!
The wyvern bites you but does no damage.
The wyvern attacks as you move away! The wyvern bites you.
The wyvern misses you. The wyvern attacks as you move away!
You block the wyvern's attack. The wyvern closely misses you.
The wyvern bites you.
There is an open door here.
There's nothing to close nearby.
The wyvern attacks as you move away! The wyvern bites you!
* * * LOW HITPOINT WARNING * * *
There's a creature in the doorway!
You block the wyvern's attack. The wyvern completely misses you.
The wyvern bites you!
* * * LOW HITPOINT WARNING * * *
You see here a +0 spear.
You block the wyvern's attack.
There is an open door here.
The wyvern attacks as you move away! The wyvern closely misses you.
The wyvern attacks as you move away!
The wyvern bites you but does no damage.
The wyvern hisses menacingly.
You block the wyvern's attack.
There's a creature in the doorway!
The wyvern attacks as you move away! The wyvern bites you!
You die...

#########~~~...
∩.∩.....#~~~~.#
.∩.∩....#~~~~# ..∩.∩...#~~~~
...∩.∩..#~~### ....∩.⌠.#~##.#
#+# ...∩.†..#~#$# ##.## .#
..∩.∩...+~'# +.<.+ ..###
.∩.∩....#~#.# ##@## ....##
▓▓▓▓▓▓###~##.###l## #.§..§.
$sD######~~####.l.####~~.....
[$s#? ##~~~#.)#..#§~~~~~~..
∩P[+. #+#~##...##~~~~~~~~.
$.! #.#~~##'##~~~≈§≈~~§~ [$.
####~~~~~~~~~~≈≈§≈~~
#+++#+++#~§≈≈≈≈§ .§.~.
##§§≈###


You could see 2 wyverns.

Vanquished Creatures
  A merfolk siren (D)
  2 water moccasins (D)
  A scorpion (D)
4 creatures vanquished.

Notes
Turn   | Place    | Note
-------+----------+-------------------------------------------
     0 | D        | EC1 the Minotaur Fighter began the quest for the Orb.
     0 | D        | Reached XP level 1. HP: 19/19 MP: 0/0
     1 | D        | Noticed a merfolk siren
    31 | D        | Killed a merfolk siren
    32 | D        | Reached XP level 2. HP: 4/37 MP: 1/1
    32 | D        | Reached XP level 3. HP: 5/42 MP: 2/2
    32 | D        | Reached XP level 4. HP: 6/50 MP: 3/3
    32 | D        | Reached XP level 5. HP: 7/57 MP: 4/4
    32 | D        | Reached XP level 6. HP: 7/63 MP: 5/5
   222 | D        | Noticed a water moccasin
   222 | D        | Noticed Roxanne
   225 | D        | Killed a water moccasin
   226 | D        | Reached skill level 10 in Armour
   253 | D        | Found Rusm's Antique Weapon Shop.
   253 | D        | Found Suamnynoyn's Book Boutique.
   253 | D        | Found Xagak's Antique Armour Boutique.
   254 | D        | Found Bywam's Distillery.
   254 | D        | Found Inlaf's Antique Weapon Shop.
   269 | D        | Found Pino Rid's Distillery.
   269 | D        | Found Allut's Jewellery Boutique.
   269 | D        | Found Acsepn's Assorted Antiques.
   269 | D        | Found Ricwuif's Jewellery Boutique.
   270 | D        | Found Nugh's Book Boutique.
   272 | D        | Found Hacost's Antique Armour Shop.
   274 | D        | Found Yzason's Distillery.
   274 | D        | Found Datseun's Jewellery Shop.
   274 | D        | Noticed a water moccasin
   274 | D        | Noticed a fire dragon
   274 | D        | Noticed an oklob plant
   274 | D        | Noticed a redback
   275 | D        | Found Giann's Book Shoppe.
   275 | D        | Found Sixket's Magic Scroll Boutique.
   275 | D        | Noticed a redback
   284 | D        | Killed a water moccasin
   285 | D        | Reached skill level 10 in Fighting
   285 | D        | Reached XP level 7. HP: 64/72 MP: 6/6
   295 | D        | Noticed a wyvern
   295 | D        | Noticed a wyvern
   312 | D        | Slain by a wyvern

Illustrated notes

Levels and vault maps discovered:
D:        the_violet_keep_of_menkaure [sprint2_stairs_cluster_1,
          sprint2_shoproom, sprint2_temple, sprint2_basic_supplies,
          sprint2_obstacle_6, sprint2_obstacle_2, sprint2_obstacle_4,
          sprint2_obstacle_5, sprint2_obstacle_3, sprint2_timed_cluster_1,
          sprint2_smallroom_cluster_1, sprint2_smallroom_final_cluster_1,
          sprint2_transparent_cluster_1, sprint2_second_timed_cluster_1,
          sprint2_sniper_area_1, sprint2_heavy_combat_area_1,
          sprint2_mutation_trap_area_1, sprint2_forest_area_1,
          sprint2_light_combat_area_1, sprint2_behind_water_1,
          sprint2_near_end_vault_1]

Skill      XL: |  1  2  3  4  5  6 |
---------------+-------------------+-----
Fighting       | 9 10 | 10.0
Maces & Flails | 7 8 |  8.4
Armour         | 9 10 | 10.8
Shields        | 8 9 |  9.6
Stealth        | |  0.1

Action                     |  1- 3 |  4- 6 |  7- 9 || total
---------------------------+-------+-------+-------++-------
  Melee: Flail             |    28 |    16 |     1 ||    45
         Headbutt          |     2 |     1 |     1 ||     4
 Armour: Scale mail        |       |     8 |     3 ||    11
  Dodge: Dodged            |       |     5 |    10 ||    15
  Block: Buckler           |     1 |     2 |     7 ||    10

Table legend: (Time is in decaauts)
 A = Elapsed time spent in this place.
 B = Non-inter-level travel time spent in this place.
 C = Inter-level travel time spent in this place.
 D = Time resting spent in this place.
 E = Time spent auto-exploring this place.
 F = Levels seen in this place.
 G = Mean time per level.
                   A        B        C        D        E       F      G
               +--------+--------+--------+--------+--------+-----+--------+
         Total |    343 |    343 |      0 |    184 |      0 |   1 |  343.0 |
       Dungeon |    343 |    343 |      0 |    184 |      0 |   1 |  343.0 |
               +--------+--------+--------+--------+--------+-----+--------+

Top non-repeatable levels by time:
       D: 343 daAuts
